 Dungeon Crawl Stone Soup version 0.29-a0-92-gee772dd00f (webtiles) character file.

Game seed: 16008631642587742471

193 tatocazan the Skirmisher (level 5, -1/44 HPs)
             Began as a Demonspawn Fighter on Feb 9, 2022.
             Slain by a gnoll (5 damage)
             ... on level 4 of the Dungeon.
             The game lasted 00:02:52 (3055 turns).

tatocazan the Skirmisher (Demonspawn Fighter)       Turns: 3055, Time: 00:02:53

Health: -1/44      AC: 10    Str: 23    XL:     5   Next: 44%
Magic:  14/14      EV:  9    Int:  9    God:
Gold:   132        SH:  4    Dex: 12    Spells: 4/4 levels left

rFire   . . .      SeeInvis .   a - +0 war axe
rCold   . . .      Faith    .   c - +0 buckler
rNeg    . . .      Spirit   .   b - +0 scale mail
rPois   .          Reflect  .   n - +0 helmet
rElec   +          Harm     .   (no cloak)
rCorr   .          Rampage  .   (no gloves)
Will    .....                   (no boots)
Stlth   ..........              (no amulet)
HPRegen 0.14/turn               h - ring of flight
MPRegen 0.28/turn               t - ring of Loevvyagha {rElec MP+9 Str+4}

@: flying
A: rugged brown scales 2, powered by pain 1, magic regeneration
a: no special abilities


You were on level 4 of the Dungeon.
You visited 1 branch of the dungeon, and saw 4 of its levels.

You collected 132 gold pieces.

Inventory:

Hand Weapons
 a - a +0 war axe (weapon)
Armour
 b - a +0 scale mail (worn)
 c - a +0 buckler (worn)
 n - a +0 helmet (worn)
Jewellery
 h - a ring of flight (left hand)
 t - the ring of Loevvyagha (right hand) {rElec MP+9 Str+4}
   (You found it on level 4 of the Dungeon)

   [ring of magical power]

   Str:       It affects your strength (+4).
   rElec:     It insulates you from electricity.
   MP:        It affects your magic capacity (+9).
Wands
 p - a wand of mindburst (12)
Scrolls
 i - a scroll of blinking {unknown}
 j - a scroll of enchant weapon {unknown}
 l - 2 scrolls of identify {unknown}
 m - a scroll of vulnerability {unknown}
 q - a scroll of acquirement {unknown}
 r - a scroll of noise {unknown}
Potions
 d - 2 potions of might
 e - a potion of cancellation
 f - a potion of resistance {unknown}
 g - a potion of ambrosia {unknown}
 k - 2 potions of lignification {unknown}
 o - 2 potions of mutation {unknown}
 s - a potion of attraction {unknown}


   Skills:
 + Level 4.0 Fighting
 * Level 3.8 Axes
 + Level 3.6 Armour
 - Level 2.6 Shields


You had 4 spell levels left.
You didn't know any spells.
Your spell library contained the following spells:

 Spells                   Type           Power      Damage    Failure   Level
 Apportation              Tloc           0%         N/A       80%         1
 Beastly Appendage        Tmut           0%         N/A       80%         1
 Blink                    Tloc           0%         N/A       90%         2
 Wereblood                Tmut           0%         N/A       90%         2
 Lesser Beckoning         Tloc           0%         N/A       99%         3
 Spider Form              Tmut/Pois      0%         N/A       99%         3
 Alistair's Intoxication  Tmut/Pois      0%         N/A       100%        5
 Manifold Assault         Tloc           0%         N/A       100%        5


Dungeon Overview and Level Annotations

Branches:
Dungeon (4/15)
 Temple: D:4-7

Altars:
Elyvilon
Fedhas
Kikubaaqudgha

Shops:
D:1 !   D:3 =   D:4 *

Annotations:
D:4 Grinder


Innate Abilities, Weirdness & Mutations

You are mostly covered in rugged brown scales. (AC +2, +5% HP)
You sometimes gain a little power by taking damage.
You regenerate magic rapidly.


Message History

You are too injured to fight recklessly!
You take 30 damage, and have 14/44 hp.
MASSIVE DAMAGE!!
You are too injured to fight recklessly!
You are too injured to fight recklessly!
You are too injured to fight recklessly!
You are too injured to fight recklessly!
You are too injured to fight recklessly!
You are too injured to fight recklessly!
You are too injured to fight recklessly!
You are too injured to fight recklessly!
You are too injured to fight recklessly!
You are too injured to fight recklessly!
You are too injured to fight recklessly!
You are too injured to fight recklessly!
You are too injured to fight recklessly!
You are too injured to fight recklessly!
You are too injured to fight recklessly!
You are too injured to fight recklessly!
You are too injured to fight recklessly!
You are too injured to fight recklessly!
You are too injured to fight recklessly!
You are too injured to fight recklessly!
Grinder shouts!
You hit the gnoll.
The gnoll is lightly wounded.
You hit the gnoll shaman but do no damage.
You hit the gnoll. You block the gnoll's attack.
The gnoll hits you from afar with a +0 halberd!
* * * LOW HITPOINT WARNING * * *
You focus on the pain.
You feel your power returning. You block the gnoll shaman's attack.
Grinder blinks!
You take 11 damage, and have 3/44 hp.
MASSIVE DAMAGE!!
MP restored: 14 It was a potion of cancellation.
Your magical effects are unravelling.
You feel magically purged.
You are no longer glowing.
The gnoll barely misses you.
The gnoll hits you from afar with a +0 halberd.
You die...

.## #<##..####.....# #.#
## #.#...'∩#....####### #
####...#####..........#
####..........######.....#
.....########..## #.....#
............##..###....###
##..#######............#
###.... ######.###....#
...###..........@g#....#
....# #########gg.#####
#.#.# ###g..# #.# . #$#..#
.# # ..# .. §


You could see a gnoll shaman and 3 gnolls.

Vanquished Creatures
  A scorpion (D:3)
  5 adders
  2 worms (D:2)
  A dart slug (D:3)
  5 orcs
  9 ball pythons
  4 bats
  3 endoplasms
  3 giant cockroaches
  4 goblins
  8 hobgoblins
  7 jackals (D:1)
  2 quokkas
  3 frilled lizards
  8 kobolds
  9 rats
74 creatures vanquished.

Vanquished Creatures (others)
  An adder (D:3)
  A quokka (D:3)
2 creatures vanquished.

Grand Total: 76 creatures vanquished

Notes
Turn   | Place    | Note
-------+----------+-------------------------------------------
     0 | D:1      | tatocazan the Demonspawn Fighter began the quest for the
                  | Orb.
     0 | D:1      | Reached XP level 1. HP: 18/18 MP: 1/1
   362 | D:1      | Gained mutation: You regenerate magic rapidly. [demonic
                  | ancestry]
   362 | D:1      | Reached XP level 2. HP: 23/24 MP: 2/2
   561 | D:1      | Found Gajoluni's Distillery.
   782 | D:1      | Gained mutation: You sometimes gain a little power by
                  | taking damage. [demonic ancestry]
   782 | D:1      | Reached XP level 3. HP: 29/29 MP: 3/3
  1188 | D:2      | Found a faded altar of an unknown god.
  1223 | D:2      | Gained mutation: You are partially covered in rugged brown
                  | scales. (AC +1, +3% HP) [demonic ancestry]
  1223 | D:2      | Reached XP level 4. HP: 21/36 MP: 4/4
  2529 | D:3      | Found Qapsadd's Jewellery Shoppe.
  2667 | D:4      | Noticed a scorpion
  2721 | D:4      | Found an ancient bone altar of Kikubaaqudgha.
  2723 | D:4      | Found a blossoming altar of Fedhas.
  2748 | D:4      | Found Eruoweg's General Store.
  2807 | D:3      | Killed a scorpion
  2808 | D:3      | Reached skill level 4 in Fighting
  2808 | D:3      | Gained mutation: You are mostly covered in rugged brown
                  | scales. (AC +2, +5% HP) [demonic ancestry]
  2808 | D:3      | Reached XP level 5. HP: 33/44 MP: 5/5
  2991 | D:4      | Identified the ring of Loevvyagha {rElec MP+9 Str+4}
  3053 | D:4      | Noticed Grinder
  3055 | D:4      | Slain by a gnoll

Illustrated notes

Levels and vault maps discovered:
D:1:      dpeg_arrival_pond, layout_loops_ring, serial_shops,
          nicolae_shop_window_shopping, kennysheep_minor_cross, hex_tiny,
          minmay_three_crescents
D:2:      layout_loops_ring, basic_ecumenical_altar
D:3:      layout_basic, elyvilon_altar_4, serial_shops, shop
D:4:      layout_rooms, nicolae_overflow_hidden_temple,
          nicolae_yredelemnul_ghost_church, serial_shops, kennysheep_mini,
          uniq_grinder

Skill      XL: |  1  2  3  4 |
---------------+-------------+-----
Axes           | 2 3 |  3.8
Armour         | 3 |  3.6
Fighting       | 4 |  4.0
Shields        | |  2.6

Action                   |  1- 3 |  4- 6 || total
-------------------------+-------+-------++-------
Melee: War axe           |   114 |    97 ||   211
  Use: Potion            |       |     1 ||     1
Armor: Scale mail        |    62 |    62 ||   124
Dodge: Dodged            |    63 |    53 ||   116
Block: Buckler           |    30 |    32 ||    62

Table legend: (Time is in decaauts)
 A = Elapsed time spent in this place.
 B = Non-inter-level travel time spent in this place.
 C = Inter-level travel time spent in this place.
 D = Time resting spent in this place.
 E = Time spent auto-exploring this place.
 F = Levels seen in this place.
 G = Mean time per level.
                   A        B        C        D        E       F      G
               +--------+--------+--------+--------+--------+-----+--------+
         Total |   3140 |   3016 |    124 |    595 |   1871 |   4 |  785.0 |
       Dungeon |   3140 |   3016 |    124 |    595 |   1871 |   4 |  785.0 |
               +--------+--------+--------+--------+--------+-----+--------+

Top non-repeatable levels by time:
     D:2: 1235 daAuts
     D:1: 1027 daAuts
     D:3: 686 daAuts
     D:4: 191 daAuts
